 Dungeon Crawl Stone Soup version 0.28-a0-1613-gdaab1c2f9b (webtiles) character file.

Game seed: 1766349178708132340

19 issech the Shield-Bearer (level 2, -3/29 HPs)
             Began as a Troll Fighter on Jan 22, 2022.
             Killed from afar by Sigmund (5 damage)
             ... with a puff of flame
             ... on level 2 of the Dungeon.
             The game lasted 00:03:26 (1650 turns).

issech the Shield-Bearer (Troll Fighter)            Turns: 1650, Time: 00:03:27

Health: -3/29      AC:  4    Str: 23    XL:     2   Next: 55%
Magic:  1/1        EV:  8    Int:  4    God:
Gold:   34         SH:  0    Dex:  9    Spells: 1/1 levels left

rFire   . . .      SeeInvis .   t - +0 mace
rCold   + . .      Faith    .   c - +0 kite shield
rNeg    . . .      Spirit   .   b - +0 robe
rPois   .          Reflect  .   (helmet restricted)
rElec   .          Harm     .   (no cloak)
rCorr   .          Rampage  .   (gloves unavailable)
Will    .....                   (boots unavailable)
Stlth   +.........              (no amulet)
HPRegen 0.89/turn               h - ring of protection from cold
MPRegen 0.07/turn               (no ring)

@: confused
A: large, unfitting armour, claws 3, regeneration 1, shaggy fur 1, tough skin 1
a: no special abilities


You were on level 2 of the Dungeon.
You visited 1 branch of the dungeon, and saw 2 of its levels.

You collected 34 gold pieces.

Inventory:

Hand Weapons
 a - a +0 flail
 e - a +0 hunting sling
 g - a +0 falchion
 t - a +0 mace (weapon)
Missiles
 f - 30 bolts
 k - 86 stones (quivered)
 l - 2 poisoned darts
Armour
 b - a +0 robe (worn)
 c - a +0 kite shield (worn)
Jewellery
 h - a ring of protection from cold (left claw)
Scrolls
 j - a scroll of enchant weapon {unknown}
 n - a scroll of immolation {unknown}
 q - 2 scrolls of amnesia {unknown}
 r - a scroll of teleportation {unknown}
 s - a scroll of vulnerability {unknown}
Potions
 d - a potion of might
 i - a potion of cancellation {unknown}
 m - a potion of invisibility {unknown}
 o - 2 potions of curing {unknown}
 p - a potion of brilliance {unknown}


   Skills:
 + Level 2.5 Fighting
 + Level 1.8 Maces & Flails
 + Level 2.7 Dodging
 + Level 2.8 Shields


You had one spell level left.
You didn't know any spells.
Your spell library was empty.

Dungeon Overview and Level Annotations

Branches:
Dungeon (2/15)

Altars:

Annotations:
D:2 Sigmund


Innate Abilities, Weirdness & Mutations

You are too large for most types of armour.
You have claws for hands.
Your natural rate of healing is unusually fast.
You are covered in fur. (AC +1)
You have tough skin. (AC +1)


Message History

You hit something. You block something's attack.
You hit something. Something hits you but does no damage.
You miss something.
You hear some strange, mumbled words.
You are confused.
You bump into the rock wall.
Something hits you but does no damage.
You bump into the rock wall.
You hear some strange, mumbled words.
You are more confused.
You miss something. Something hits you.
You miss something.
You hear some strange, mumbled words.
You are more confused.
You bump into the rock wall.
You hear some strange, mumbled words.
You are more confused.
You miss something. Something hits you!
You bump into the rock wall.
Something hits you but does no damage.
You hit something. Something hits you.
You miss something.
You hear some strange, mumbled words.
You are more confused.
You completely miss something.
Sigmund appears from thin air!
Reactivating autopickup.
Sigmund gestures at you while chanting.
You are more confused.
Sigmund barely misses you.
You bump into the rock wall.
Sigmund points at you and mumbles some strange words.
The puff of flame hits you!
* * * LOW HITPOINT WARNING * * *
You bump into the rock wall.
Sigmund looks at you with fury. Sigmund casts a spell at you.
The magic dart hits you.
* * * LOW HITPOINT WARNING * * *
Unknown command.
Sigmund points at you and mumbles some strange words.
The puff of flame hits you.
You die...

#...# ##........#.###.# #.###
##...###.###.# #.# ###.#####
##.....##.###.###.# #.......#
##.......#.#.......#
#.#.#...####..........#.#...#.#
#.#..>.....'...................
#.#.#...####..........#..###..#
#.#.##..# ##.......#....# #..#
#.#.###.# ##@....####..###..#
#.#.###.# ##...## #.......#
#.......# ##†## #.......#
###.##### #@# ####.#### #.#
#######.#### #.# #.#
#..........# #.# #.#
#.####...#.######.# #.# #.#
#..........##.# #.######.#
##...#.###.##.#


You could see Sigmund.

Vanquished Creatures
  A bat (D:1)
  A giant cockroach (D:1)
  2 goblins
  2 hobgoblins (D:1)
  4 jackals (D:1)
  2 quokkas
  A ball python (D:2)
  2 frilled lizards (D:2)
  A rat (D:1)
16 creatures vanquished.

Notes
Turn   | Place    | Note
-------+----------+-------------------------------------------
     0 | D:1      | issech the Troll Fighter began the quest for the Orb.
     0 | D:1      | Reached XP level 1. HP: 22/22 MP: 0/0
   560 | D:1      | Reached XP level 2. HP: 29/29 MP: 1/1
  1559 | D:2      | Noticed Sigmund
  1649 | D:2      | HP: 1/29 [Sigmund/magic dart (5)]
  1650 | D:2      | Killed from afar by Sigmund

Illustrated notes

Levels and vault maps discovered:
D:1:      minmay_arrival_diagonal_passages, layout_basic
D:2:      layout_loops_corners, minmay_pentomino_t4, uniq_sigmund

Action                   || total
-------------------------++-------
Melee: Flail             ||    68
       Mace              ||    36
Armor: Robe              ||    62
Dodge: Dodged            ||    59
Block: Kite shield       ||    59

Table legend: (Time is in decaauts)
 A = Elapsed time spent in this place.
 B = Non-inter-level travel time spent in this place.
 C = Inter-level travel time spent in this place.
 D = Time resting spent in this place.
 E = Time spent auto-exploring this place.
 F = Levels seen in this place.
 G = Mean time per level.
                   A        B        C        D        E       F      G
               +--------+--------+--------+--------+--------+-----+--------+
         Total |   1695 |   1695 |      0 |      0 |   1162 |   2 |  847.5 |
       Dungeon |   1695 |   1695 |      0 |      0 |   1162 |   2 |  847.5 |
               +--------+--------+--------+--------+--------+-----+--------+

Top non-repeatable levels by time:
     D:1: 1075 daAuts
     D:2: 620 daAuts
